 Dungeon Crawl Stone Soup version 0.28.0-47-ge53b351184 (webtiles) character file.

Game seed: 18378073081461806487

959 NinjaNoafa the Skirmisher (level 8, -9/71 HPs)
             Began as a Hill Orc Monk on Apr 25, 2022.
             Was a Believer of Wu Jian.
             Mangled by a death knight
             ... wielding a +0 glaive
              (16 damage)
             ... on level 6 of the Dungeon.
             The game lasted 00:10:50 (5883 turns).

NinjaNoafa the Skirmisher (Hill Orc Monk)           Turns: 5883, Time: 00:10:54

Health: -9/71      AC: 15    Str: 16    XL:     8   Next: 14%
Magic:  9/9        EV:  8    Int:  8    God:    Wu Jian [**....]
Gold:   54         SH:  0    Dex: 13    Spells: 7/7 levels left

rFire   . . .      SeeInvis .   b - +7 spear (venom)
rCold   . . .      Faith    .   (no shield)
rNeg    . . .      Spirit   .   o - +0 chain mail
rPois   .          Reflect  .   (no helmet)
rElec   +          Harm     .   d - +2 cloak
rCorr   .          Rampage  .   h - +1 pair of gloves
Will    .....                   (no boots)
Stlth   ..........              (no amulet)
HPRegen 0.21/turn               (no ring)
MPRegen 0.11/turn               (no ring)

@: mighty
A: deterioration 1, dopey 1, electricity resistance, noise suppression
a: Renounce Religion, Wall Jump


You were on level 6 of the Dungeon.
You worshipped Wu Jian.
Wu Jian was pleased with you.
You visited 2 branches of the dungeon, and saw 7 of its levels.

You collected 400 gold pieces.
You spent 346 gold pieces at shops.

Inventory:

Hand Weapons
 b - a +7 spear of venom (weapon)
 i - a +2 dagger of freezing
 l - the +4 hand axe "Hell-Harrower" {flame, *Slow Int+5 Stlth+}
   (You found it on level 3 of the Dungeon)

   It burns those it strikes, dealing additional fire damage.
   Big, fiery blades are also staple armaments of hydra-hunters.
   Int:       It affects your intelligence (+5).
   *Slow:     It may slow you when you take damage.
   Stlth:     It makes you more stealthy.
Missiles
 u - 2 throwing nets (quivered)
Armour
 d - a +2 cloak (worn)
 h - a +1 pair of gloves (worn)
 m - a scarf of harm
 o - a +0 chain mail (worn)
Jewellery
 t - a ring of protection from cold
Scrolls
 c - a scroll of identify
 e - 2 scrolls of fear
 j - a scroll of summoning {unknown}
 k - a scroll of magic mapping
 n - a scroll of amnesia {unknown}
 q - 5 scrolls of teleportation
Potions
 f - a potion of attraction
 g - 2 potions of haste
 p - a potion of flight
 v - a potion of cancellation


   Skills:
 + Level 6.5 Fighting
 - Level 6.3(6.9) Axes
 * Level 3.2(4.7) Polearms
 + Level 5.8 Armour
 - Level 3.0 Dodging
 - Level 1.5 Stealth
 - Level 2.1 Invocations


You had 7 spell levels left.
You didn't know any spells.
Your spell library contained the following spells:

 Spells                   Type           Power      Damage    Failure   Level
 Ensorcelled Hibernation  Hex/Ice        0%         N/A       100%        2
 Spider Form              Tmut/Pois      0%         N/A       100%        3
 Anguish                  Hex/Necr       0%         N/A       100%        4


Dungeon Overview and Level Annotations

Branches:
Dungeon (6/15)             Temple (1/1) D:6

Altars:
Ashenzari
Cheibriados
Dithmenos
Gozag
Hepliaklqana
Makhleb
Nemelex Xobeh
Okawaru
Qazlal
Ru
Trog
Uskayaw
Vehumet
Wu Jian
Xom
Yredelemnul
Zin
The Shining One

Shops:
D:2 (((   D:5 !


Innate Abilities, Weirdness & Mutations

Your body sometimes deteriorates upon taking damage.
You are dopey. (Int -2)
You are resistant to electric shocks. (rElec)
You passively dampen the noise of your surroundings.


Message History

There is a stone staircase leading down here.
g - 2 potions of haste (gained 1)
A skeletal warrior comes into view. It is wielding a +0 trident.
A skeletal warrior is nearby!
It was a potion of magic.
Magic courses through your body.
The skeletal warrior hits you from afar with a +0 trident!
You feel very mighty all of a sudden. The skeletal warrior barely misses you.
A death knight comes into view. It is wielding a +0 glaive.
The death knight shouts!
The skeletal warrior hits you with a +0 trident!!
You puncture the skeletal warrior!
The skeletal warrior is moderately damaged.
A wraith comes into view.
You hit the skeletal warrior but do no damage.
The skeletal warrior is moderately damaged.
The skeletal warrior barely misses you.
You hit the skeletal warrior but do no damage.
The skeletal warrior is moderately damaged.
A phantasmal warrior comes into view.
The skeletal warrior hits you with a +0 trident!
You hit the skeletal warrior but do no damage.
The skeletal warrior is moderately damaged.
The skeletal warrior hits you with a +0 trident.
You hit the skeletal warrior but do no damage.
The skeletal warrior is moderately damaged.
The skeletal warrior completely misses you.
The death knight hits you from afar with a +0 glaive!
A freezing wraith comes into view.
Okay, then.
The death knight hits you from afar with a +0 glaive!!
* * * LOW HITPOINT WARNING * * *
The skeletal warrior hits you but does no damage.
As you read the scroll of holy word, it crumbles to dust.
You speak a Word of immense power!
The skeletal warrior convulses!
The phantasmal warrior convulses!
The wraith convulses!
The freezing wraith convulses!
The wraith is lost in a daze.
The freezing wraith is lost in a daze.
The death knight hits you from afar with a +0 glaive!
You die...

+....# #....# #....#
.[.... +....# ......
#....# ......
####+#?...####......
#..................
#.................
#......@......#### ##
#....z....>...#..# #.
......p####....'..#....#.
.....WW #....#..#....#.
....... #....#..#....#.
...W... ######..#....#.
......W #..##..#....+.
....... #......#....#.
....... #......#....#.


You could see a death knight, a skeletal warrior (dazed), a phantasmal warrior
(dazed), a freezing wraith (dazed) and a wraith (dazed).

Vanquished Creatures
  Prince Ribbit (D:5)
  A black bear (D:4)
  2 ice beasts
  A centaur (D:5)
  A scorpion (D:4)
  A water moccasin skeleton (D:6)
  An orc priest (D:4)
  7 adders
  14 gnolls (D:5)
  A shadow imp (D:5)
  2 worms
  4 dart slugs
  4 orcs
  9 endoplasms
  4 giant cockroaches
  4 goblins
  7 hobgoblins
  7 jackals
  3 quokkas
  4 ball pythons
  5 bats
  A frilled lizard (D:2)
  6 kobolds
  5 rats
95 creatures vanquished.

Vanquished Creatures (others)
  2 plants (D:2)
2 creatures vanquished.

Grand Total: 97 creatures vanquished

Notes
Turn   | Place    | Note
-------+----------+-------------------------------------------
     0 | D:1      | NinjaNoafa the Hill Orc Monk began the quest for the Orb.
     0 | D:1      | Reached XP level 1. HP: 19/19 MP: 1/1
   320 | D:1      | Found a faded altar of an unknown god.
   362 | D:1      | Reached XP level 2. HP: 25/27 MP: 2/2
   406 | D:1      | Reached skill level 1 in Invocations
  1026 | D:2      | Found Dicuvixt's Weapon Shop.
  1067 | D:2      | Reached XP level 3. HP: 33/33 MP: 3/3
  1958 | D:2      | Found Masmer's Weapon Boutique.
  1972 | D:2      | Found Jynu Kuw's Antique Weapon Shoppe.
  2311 | D:2      | Reached XP level 4. HP: 40/40 MP: 5/5
  2796 | D:3      | Reached skill level 1 in Polearms
  2884 | D:3      | Identified the +4 hand axe "Hell-Harrower" {flame, *Slow
                  | Int+5 Stlth+}
  2921 | D:3      | Found an ornate altar of the Wu Jian Council.
  2931 | D:3      | Became a worshipper of the Wu Jian Council
  2931 | D:3      | Reached * piety under Wu Jian
  2931 | D:3      | Reached ** piety under Wu Jian
  2949 | D:3      | Found an iron altar of Okawaru.
  3261 | D:3      | Reached skill level 1 in Armour
  3392 | D:4      | Noticed a black bear
  3405 | D:4      | Killed a black bear
  3406 | D:4      | Reached XP level 5. HP: 47/47 MP: 6/6
  3496 | D:4      | Reached skill level 5 in Axes
  3536 | D:4      | Reached XP level 6. HP: 55/55 MP: 7/7
  3708 | D:4      | Found a burning altar of Makhleb.
  3710 | D:4      | Noticed a green death
  3831 | D:4      | Found a basalt altar of Yredelemnul.
  3859 | D:4      | Found a shimmering altar of Xom.
  3866 | D:4      | Reached skill level 5 in Fighting
  3966 | D:5      | Entered Level 5 of the Dungeon
  4051 | D:5      | Noticed Prince Ribbit
  4055 | D:5      | Gained mutation: You expend magic power (3 MP) to
                  | strengthen your wands. [potion of mutation]
  4055 | D:5      | Gained mutation: You are resistant to electric shocks.
                  | (rElec) [potion of mutation]
  4055 | D:5      | Gained mutation: Your body sometimes deteriorates upon
                  | taking damage. [potion of mutation]
  4058 | D:5      | Lost mutation: You expend magic power (3 MP) to strengthen
                  | your wands. [potion of mutation]
  4058 | D:5      | Lost mutation: Your body sometimes deteriorates upon taking
                  | damage. [potion of mutation]
  4058 | D:5      | Gained mutation: Your body sometimes deteriorates upon
                  | taking damage. [potion of mutation]
  4058 | D:5      | Gained mutation: You are dopey. (Int -2) [potion of
                  | mutation]
  4058 | D:5      | Gained mutation: You passively dampen the noise of your
                  | surroundings. [potion of mutation]
  4091 | D:5      | Killed Prince Ribbit
  4092 | D:5      | Reached XP level 7. HP: 23/62 MP: 8/8
  4309 | D:5      | Found a glowing golden altar of the Shining One.
  4410 | D:5      | Reached skill level 5 in Armour
  4779 | D:2      | Bought a +5 spear of venom for 306 gold pieces
  5307 | D:5      | Found Yxzu's Distillery.
  5310 | D:5      | Bought a potion of might for 40 gold pieces
  5627 | D:6      | Reached XP level 8. HP: 56/71 MP: 9/9
  5742 | D:6      | Found a staircase to the Ecumenical Temple.
  5764 | Temple   | Entered the Ecumenical Temple
  5866 | D:6      | Noticed a skeletal warrior
  5873 | D:6      | Noticed a death knight
  5874 | D:6      | Noticed a wraith
  5876 | D:6      | Noticed a phantasmal warrior
  5881 | D:6      | Noticed a freezing wraith
  5883 | D:6      | Mangled by a death knight

Illustrated notes

Levels and vault maps discovered:
D:1:      sevenhm_arrival_forest_fort_small_4, layout_basic,
          ebering_ecumenical_altar_box, amcnicky_mini_corridor_feature
D:2:      minmay_recursive_quarters, layout_basic, serial_shops,
          nicolae_diamond_shop, shop, shop, serial_bayou_pond_e
D:3:      layout_rooms, nicolae_wu_jian_immortal_techniques,
          okawaru_ov_weapons_minmay
D:4:      layout_cave_pools, makhleb_altar_promises_db,
          mainiacjoe_overflow_two_lobes
D:5:      layout_loops_ring, overflow_temple_1_default, serial_shops,
          nicolae_shop_behind_doors, uniq_prince_ribbit1
D:6:      layout_gridville, minmay_temple_entry_grid, portal_sewer_entry_d
Temple:   nicolae_temple_x_marks_the_god

Skill      XL: |  1  2  3  4  5  6  7  8 |
---------------+-------------------------+-----
Invocations    | 1 2 |  2.1
Fighting       | 4 5 6 |  6.5
Dodging        | 3 |  3.0
Polearms       | 1 2 3 |  3.2
Armour         | 2 3 4 5 |  5.8
Axes           | 5 6 |  6.3
Stealth        | |  1.5

Action                   |  1- 3 |  4- 6 |  7- 9 || total
-------------------------+-------+-------+-------++-------
Melee: Hand axe          |    73 |    65 |    21 ||   159
       Punch             |     4 |       |     2 ||     6
       Spear             |   126 |    24 |    65 ||   215
Invok: Whirlwind         |       |     3 |     4 ||     7
       Lunge             |       |     2 |     5 ||     7
 Abil: Wall Jump         |       |    11 |     2 ||    13
  Use: Scroll            |     3 |     5 |     5 ||    13
       Potion            |     1 |     7 |     2 ||    10
 Stab: Sleeping          |     1 |       |       ||     1
Armor: Ring mail         |   125 |    10 |       ||   135
       Skin              |       |    19 |       ||    19
       Chain mail        |       |    37 |    26 ||    63
Dodge: Dodged            |   166 |    35 |    30 ||   231
